Map: Dash and Terminal LE (Void)

Players

JOD

  • Race: Zerg Zerg
  • League: Bronze

wabbajack - Winner!

  • Race: Zerg Zerg
  • League: Bronze

VOD

Have the link to the VOD?

Description

Time

  • Played on: July 16, 2015, 7:22 p.m.
  • Length: 5:35
Show
View Real Time Build Order
Export as new Build Order

JOD Zerg 

Build Orders: Hatch First 

Get SALT Encoding   

  12  0:02  Drone  
  13  0:14  Overlord  
  13  0:19  Drone  
  14  0:32  Drone  
  14  0:33  Drone  
  16  0:52  Hatchery  
  16  0:54  Drone  
  16  0:58  Drone  
  17  1:06  Drone  
  17  1:09  Overlord  
  18  1:23  Spawning Pool  
  17  1:25  Extractor  
  17  1:27  Drone  
  17  1:32  Drone  
  18  1:46  Drone  
  19  1:51  Drone  
  20  2:10  Queen x2  
  20  2:12  Zergling x4  
  26  2:18  Drone x2  
  28  2:25  Drone  
  28  2:26  Metabolic Boost  
  28  2:29  Drone  
  30  2:35  Drone  
  31  2:37  Drone  
  32  2:56  Overlord  
  32  2:57  Drone x2  
  34  3:00  Roach Warren  
  34  3:04  Lair  
  33  3:07  Drone  
  33  3:09  Drone  
  33  3:11  Drone  
  36  3:25  Spine Crawler  
  36  3:26  Drone x2, Spine Crawler  
  36  3:31  Drone x3  
  39  3:38  Drone  
  39  3:41  Drone x2  
  42  3:51  Evolution Chamber  
  42  3:53  Evolution Chamber  
  42  3:54  Extractor  
  38  3:59  Drone x3  
  38  4:00  Overlord  
  38  4:01  Drone x3  
  44  4:11  Overlord x2  
  44  4:12  Overlord  
  44  4:27  Overlord x2  
  44  4:33  Roach x2  
  48  4:39  Zergling x2  
  48  4:40  Zergling x8  
  53  4:48  Roach x3  
  59  4:53  Overlord  
  59  4:54  Roach  
  61  5:05  Roach x4  
  65  5:16  Roach x2  
Show
View Real Time Build Order
Export as new Build Order

wabbajack Zerg - Winner!

Build Orders: Hatch First 

Get SALT Encoding   

  12  0:01  Drone  
  13  0:15  Overlord  
  13  0:18  Drone  
  14  0:23  Extractor  
  14  0:24  Drone  
  15  0:36  Drone  
  15  0:38  Drone  
  17  0:56  Hatchery  
  16  0:58  Drone  
  16  1:01  Extractor  
  16  1:03  Drone  
  17  1:12  Drone  
  18  1:20  Spawning Pool  
  18  1:22  Drone  
  18  1:32  Drone  
  19  1:42  Overlord  
  19  1:53  Drone  
  20  2:07  Metabolic Boost, Queen  
  20  2:08  Queen  
  22  2:12  Zergling x2  
  22  2:14  Drone x2  
  27  2:22  Spine Crawler  
  26  2:27  Drone x2  
  28  2:30  Drone  
  29  2:47  Roach Warren  
  28  2:53  Drone x2  
  28  2:55  Overlord  
  28  2:56  Overlord  
  30  3:03  Drone  
  31  3:09  Spine Crawler  
  30  3:27  Roach  
  30  3:28  Roach x4  
  30  3:30  Roach  
  30  3:31  Roach  
  44  3:47  Overlord  
  44  3:50  Roach x4  
  52  4:00  Roach, Extractor x2  
  54  4:14  Drone, Extractor  
  54  4:15  Drone x2  
  54  4:16  Drone  
  57  4:19  Overlord x2  
  57  4:38  Zergling x12  
  63  4:48  Zergling x2  
  63  4:49  Zergling x8  
  68  4:54  Zergling x2  
  68  4:55  Zergling x8  
  73  5:01  Overlord  
Tags
 
Add a new tag
Caveats
  • Supply blocks, unpowered buildings, or Contaminate may cause inaccurate times.
  • Supply counts are checked every 10 seconds.